 Dungeon Crawl Stone Soup version 0.22.0-5-gf09313c8f9 (webtiles) character file.

109 Flugkiller the Gusty (level 4, -6/24 HPs)
             Began as a Deep Elf Air Elementalist on Aug 13, 2018.
             Was an Initiate of Ru.
             Killed from afar by Sigmund (11 damage)
             ... with a puff of flame
             ... on level 3 of the Dungeon.
             The game lasted 00:02:09 (2537 turns).

Flugkiller the Gusty (Deep Elf Air Elementalist)    Turns: 2537, Time: 00:02:10

Health: -6/24      AC:  2    Str:  5    XL:     4   Next: 60%
Magic:  9/12       EV: 13    Int: 21    God:    Ru [......]
Gold:   75         SH:  0    Dex: 15    Spells: 8/11 levels left

rFire    . . .     SeeInvis .   (no weapon)
rCold    . . .     Gourm    .   (no shield)
rNeg     . . .     Faith    .   a - +0 robe
rPois    .         Spirit   .   (no helmet)
rElec    .         Reflect  .   (no cloak)
rCorr    .         Harm     .   (no gloves)
MR       .....                  (no boots)
Stlth    ++........             (no amulet)
HPRegen  0.08/turn              (no ring)
MPRegen  0.13/turn              (no ring)

@: no status effects
A: no striking features
a: Renounce Religion


You were on level 3 of the Dungeon.
You worshipped Ru.
Ru was noncommittal.
You were not hungry.

You visited 1 branch of the dungeon, and saw 3 of its levels.

You collected 75 gold pieces.

Inventory:

Armour
 a - a +0 robe (worn)
Scrolls
 b - a scroll of remove curse
 f - 3 scrolls of teleportation {unknown}
 g - a scroll of amnesia {unknown}
 i - a scroll of fear {unknown}
 k - a scroll of blinking {unknown}
 l - 2 scrolls of identify
Potions
 d - 3 potions of curing {unknown}
 e - a potion of heal wounds
 h - a potion of mutation
 m - a potion of resistance {unknown}
Comestibles
 c - 3 rations


   Skills:
 - Level 2.4 Dodging
 - Level 2.4 Stealth
 + Level 4.0 Spellcasting
 * Level 3.2 Conjurations
 * Level 4.1 Air Magic


You had 8 spell levels left.
You knew the following spells:

 Your Spells              Type           Power        Failure   Level  Hunger
a - Shock                 Conj/Air       ###.         2%          1    None
b - Swiftness             Chrm/Air       ##......     8%          2    #......

Your spell library contained the following spells:

 Spells                   Type           Power        Failure   Level  Hunger
 Magic Dart               Conj           ###.         3%          1    None
 Conjure Flame            Conj/Fire      ##......     19%         3    ###....
 Lightning Bolt           Conj/Air       ###.......   58%         5    ######.
 Slow                     Hex            #.......     19%         2    #......
 Mephitic Cloud           Conj/Pois/Air  ##......     13%         3    ###....
 Blink                    Tloc           N/A          19%         2    #......
 Call Imp                 Summ           #.......     19%         2    #......
 Airstrike                Air            ###.......   22%         4    ####...
 Static Discharge         Conj/Air       ###.....     9%          3    ###....


Dungeon Overview and Level Annotations

Branches:
Dungeon (3/15)

Altars:
Dithmenos
Ru
Wu Jian
Yredelemnul

Annotations:
D:3 Sigmund


Message History

Sigmund is moderately wounded.
The zap misses Sigmund.
Sigmund mumbles some strange words.
Sigmund flickers and vanishes!
Deactivating autopickup; reactivate with Ctrl-A.
Casting: Shock (safe; 2% risk of failure)
Confirm with . or Enter, or press ? or * to list all spells.
You can't see any susceptible monsters within range! (Use Z to cast anyway.) Unknown command.
Unknown command.
Casting: Shock (safe; 2% risk of failure)
Confirm with . or Enter, or press ? or * to list all spells.
You can't see any susceptible monsters within range! (Use Z to cast anyway.)
Something hits you! Something hits you. Something hits you.
* * * LOW HITPOINT WARNING * * *
A puff of flame appears from out of thin air!
The puff of flame hits you!
You die...

### # #.. #. #.#
#.####.#
#.#..>.#.######
#.............#
####@#.####.#.#
#..?.#........#
#.........#.#.
...$..###{####.#
......###†...@.#.
.........$.......
....#######+#####
.... ...


There were no monsters in sight!

Vanquished Creatures
  3 adders (D:2)
  3 worms
  7 dart slugs
  2 giant cockroaches (D:1)
  6 goblins
  11 hobgoblins
  5 jackals (D:1)
  5 bats
  5 frilled lizards
  7 kobolds
  4 rats
58 creatures vanquished.

Notes
Turn   | Place    | Note
-------+----------+-------------------------------------------
     0 | D:1      | Flugkiller the Deep Elf Air Elementalist began the quest for the Orb.
     0 | D:1      | Reached XP level 1. HP: 10/10 MP: 6/6
   107 | D:1      | Reached XP level 2. HP: 10/15 MP: 2/8
   617 | D:1      | Reached XP level 3. HP: 19/19 MP: 7/10
   644 | D:1      | Learned a level 2 spell: Swiftness
  1679 | D:2      | Found a sacrificial altar of Ru.
  1684 | D:2      | Found an ornate altar of the Wu Jian Council.
  1690 | D:2      | Became a worshipper of Ru the Awakened
  1729 | D:2      | Reached XP level 4. HP: 24/24 MP: 5/11
  1837 | D:2      | Found a basalt altar of Yredelemnul.
  2358 | D:2      | Found a shadowy altar of Dithmenos.
  2521 | D:3      | Noticed Sigmund
  2537 | D:3      | Killed from afar by Sigmund

Skill      XL: |  1  2  3  4 |
---------------+-------------+-----
Conjurations   | 2 3 |  3.2
Spellcasting   | 4 |  4.0
Air Magic      | 4 |  4.1
Dodging        | |  2.4
Stealth        | |  2.4

Action                   |  1- 3 |  4- 6 || total
-------------------------+-------+-------++-------
 Cast: Shock             |    98 |    29 ||   127
  Use: Scroll            |     3 |       ||     3
  Eat: Chunk             |     2 |     3 ||     5
Armor: Robe              |     2 |     1 ||     3
Dodge: Dodged            |    10 |     6 ||    16
